 Dungeon Crawl Stone Soup version 0.28.0-1-gb440e238dd (webtiles) character file.

Game seed: 16643676560846555421

773 pkoi the Insei (level 7, -5/61 HPs)
             Began as a Yellow Draconian Monk on Feb 22, 2022.
             Was an Initiate of Gozag.
             Slain by Prince Ribbit (16 damage)
             ... on level 5 of the Dungeon.
             The game lasted 00:06:26 (7028 turns).

pkoi the Insei (Yellow Draconian Monk)              Turns: 7028, Time: 00:06:27

Health: -5/61      AC:  6    Str: 13    XL:     7   Next: 53%
Magic:  7/7        EV: 13    Int: 13    God:    Gozag
Gold:   1705       SH:  0    Dex: 15    Spells: 6/6 levels left

rFire   . . .      SeeInvis .     - Unarmed
rCold   . . .      Faith    .   (no shield)
rNeg    . . .      Spirit   .   (armour unavailable)
rPois   .          Reflect  .   (helmet restricted)
rElec   .          Harm     .   (no cloak)
rCorr   +          Rampage  .   (no gloves)
Will    .....      Rnd*Tele +   (no boots)
Stlth   ++........              (no amulet)
HPRegen 0.20/turn               h - ring of wizardry
MPRegen 0.10/turn               (no ring)

@: short of breath
A: spit acid, AC +6, unfitting armour, cold-blooded, acid resistance, horns 1,
stinger 1, agile 1, teleportitis 1
a: Breathe Acid, Renounce Religion, Potion Petition, Call Merchant, Bribe Branch


You were on level 5 of the Dungeon.
You worshipped Gozag.
Gozag was most pleased with you.
You visited 2 branches of the dungeon, and saw 6 of its levels.

You collected 1705 gold pieces.

Inventory:

Hand Weapons
 i - a +1 dagger
Jewellery
 h - a ring of wizardry (left hand)
Wands
 g - a wand of mindburst (12)
 k - a wand of iceblast (7)
Scrolls
 b - a scroll of enchant weapon
 d - a scroll of blinking {unknown}
 e - 4 scrolls of identify
Potions
 a - 4 potions of curing {unknown}
 c - a potion of mutation
 j - a potion of berserk rage
 m - 3 potions of heal wounds


   Skills:
 + Level 5.1 Fighting
 + Level 4.2 Dodging
 - Level 1.7 Stealth
 * Level 7.3 Unarmed Combat


You had 6 spell levels left.
You didn't know any spells.
Your spell library contained the following spells:

 Spells                   Type           Power      Damage    Failure   Level
 Summon Lightning Spire   Summ/Air       0%         N/A       73%         4
 Storm Form               Tmut/Air       0%         N/A       100%        7
 Borgnjor's Revivificati  Necr           0%         N/A       100%        8
 Maxwell's Capacitive Co  Air            0%         ∞         100%        8
 Necromutation            Tmut/Necr      0%         N/A       100%        8
 Death's Door             Necr           0%         N/A       100%        9


Dungeon Overview and Level Annotations

Branches:
Dungeon (5/15)             Temple (1/1) D:4

Altars:
Ashenzari
Cheibriados
Elyvilon
Fedhas
Gozag
Hepliaklqana
Makhleb
Ru
Sif Muna
Trog
Uskayaw
Wu Jian
Yredelemnul

Annotations:
D:5 Prince Ribbit


Innate Abilities, Weirdness & Mutations

You can spit globs of acid.
Your golden yellow scales are hard. (AC +6)
You cannot fit into any form of body armour.
You are cold-blooded and may be slowed by cold attacks.
You are resistant to acid. (rCorr)
You have a pair of small horns on your head.
Your tail ends in a venomous barb.
You are agile. (Dex +2)
You are occasionally teleported next to monsters.


Message History

You kill the black bear!
Your Fighting skill increases to level 5!
Unknown command.
You hit Prince Ribbit.
Prince Ribbit is lightly wounded.
Prince Ribbit is distracted by your dazzling golden aura.
Unknown command.
You miss Prince Ribbit.
Prince Ribbit is no longer distracted by gold.
Prince Ribbit gives a loud, deep croak!
You headbutt Prince Ribbit.
Prince Ribbit is moderately wounded.
Prince Ribbit blinks!
Prince Ribbit misses you.
You see here 6 gold pieces.
You hit Prince Ribbit. You tail-slap Prince Ribbit.
Prince Ribbit is poisoned.
Prince Ribbit is moderately wounded.
Prince Ribbit hits you!
* * * LOW HITPOINT WARNING * * *
You barely miss Prince Ribbit. Your headbutt misses Prince Ribbit.
Your tail-slap misses Prince Ribbit.
Your punch misses Prince Ribbit.
Prince Ribbit is moderately wounded.
Prince Ribbit closely misses you.
You hit Prince Ribbit.
Prince Ribbit is heavily wounded.
Prince Ribbit hits you!
* * * LOW HITPOINT WARNING * * *
Prince Ribbit hits you but does no damage.
You hit Prince Ribbit.
Your tail-slap misses Prince Ribbit.
Prince Ribbit is heavily wounded.
Prince Ribbit barely misses you.
Prince Ribbit looks more healthy.
Prince Ribbit hits you.
* * * LOW HITPOINT WARNING * * *
You can't do that yet.
Prince Ribbit closely misses you.
Unknown command.
Prince Ribbit croaks regally.
Prince Ribbit hits you!
You die...
Your body crumbles into a pile of gold.

#.#..#..###.######...######
#...#....##.# ##.##
##.#..#.....# #.#
#....[.###.# #.# ###..###
#$#######.#########
....######.##......#.......#
###.............>#.#.#####.#
#.########F.##.#.#.# #.#
#@.##.#...# #.# ..#
#.########..##.#.#.# #.# #.#
#.##........##.#...#####.# #
#.#
#..........###.###.......#
###.#
#.#######..###.#####..####
.##.# #.# #..##...####..#
###.# #.# #.............# #
#.# #.# #.(.#...####.##
###.###.# #.#....## #.#


You could see Prince Ribbit.

Vanquished Creatures
  A black bear (D:5)
  An ogre (D:5)
  2 orc priests
  A hound (D:3)
  A jelly (D:5)
  A centaur skeleton (D:5)
  2 orc wizards
  4 iguanas
  A hound skeleton (D:4)
  A howler monkey zombie (D:5)
  Robin (D:1)
  7 adders
  4 gnolls
  2 white imps
  An ufetubus (D:3)
  A worm (D:2)
  2 dart slugs (D:4)
  15 orcs
  11 endoplasms
  4 giant cockroaches
  16 goblins
  11 hobgoblins
  9 jackals
  3 quokkas
  8 ball pythons
  5 bats
  4 frilled lizards
  8 kobolds
  3 rats
130 creatures vanquished.

Vanquished Creatures (others)
  A goblin (D:2)
1 creature vanquished.

Grand Total: 131 creatures vanquished

Notes
Turn   | Place    | Note
-------+----------+-------------------------------------------
     0 | D:1      | pkoi the Draconian Monk began the quest for the Orb.
     0 | D:1      | Reached XP level 1. HP: 19/19 MP: 1/1
   309 | D:1      | Reached XP level 2. HP: 25/26 MP: 2/2
  1074 | D:1      | Reached skill level 4 in Unarmed Combat
  1081 | D:1      | Found a faded altar of an unknown god.
  1419 | D:1      | Reached XP level 3. HP: 28/31 MP: 3/3
  1420 | D:2      | Noticed Robin
  1797 | D:1      | Killed Robin
  2125 | D:2      | Reached XP level 4. HP: 26/38 MP: 4/4
  2437 | D:2      | Reached skill level 5 in Unarmed Combat
  3405 | D:3      | Gained mutation: You are agile. (Dex +2) [potion of
                  | mutation]
  3405 | D:3      | Gained mutation: You are occasionally teleported next to
                  | monsters. [potion of mutation]
  3405 | D:3      | Gained mutation: You have hidden genetic potential. [potion
                  | of mutation]
  3408 | D:3      | Reached XP level 5. HP: 11/45 MP: 5/5
  3908 | D:2      | Gained mutation: Your tail ends in a venomous barb. [hidden
                  | potential]
  4091 | D:3      | Found a basalt altar of Yredelemnul.
  4535 | D:4      | Reached skill level 6 in Unarmed Combat
  4730 | D:3      | Reached XP level 6. HP: 18/52 MP: 6/6
  5056 | D:3      | HP: 2/52 [poisoned by an adder]
  5661 | D:3      | Gained mutation: You have a pair of small horns on your
                  | head. [hidden potential]
  5661 | D:3      | Lost mutation: You have hidden genetic potential. [hidden
                  | potential expressed]
  5896 | D:4      | Found a staircase to the Ecumenical Temple.
  5905 | Temple   | Entered the Ecumenical Temple
  5988 | Temple   | Became a worshipper of Gozag Ym Sagoz the Greedy
  6346 | D:5      | Entered Level 5 of the Dungeon
  6555 | D:5      | Your scales start taking on a golden yellow colour.
  6555 | D:5      | Reached XP level 7. HP: 51/60 MP: 7/7
  6555 | D:5      | Gained mutation: You are resistant to acid. (rCorr) [Yellow
                  | Draconian growth]
  6717 | D:5      | Identified a scroll of acquirement
  6717 | D:5      | Acquired 1347 gold pieces
  6752 | D:5      | Reached skill level 7 in Unarmed Combat
  7000 | D:5      | Noticed Prince Ribbit
  7017 | D:5      | Reached skill level 5 in Fighting
  7028 | D:5      | Slain by Prince Ribbit

Illustrated notes

Levels and vault maps discovered:
D:1:      lightli_arrival_statue_moat, layout_basic,
          shapermc_ecumenical_altar_starsandcircs
D:2:      layout_rooms, serial_rivers, chequers_serial_rivers_large_a,
          chequers_serial_rivers_room_b, chequers_serial_rivers_small_b,
          chequers_serial_rivers_micro_d, chequers_serial_rivers_small_a,
          chequers_serial_rivers_micro_c, serial_bayou_pond_b,
          hangedman_feature_mirror, uniq_robin
D:3:      minmay_inner_zag, layout_rooms, mainiacjoe_overflow_boulevard
D:4:      layout_rooms, minmay_temple_entry_stoned_glass
D:5:      layout_loops_ring, grunt_dithmenos_shadows,
          minmay_misc_feat_diagonals, uniq_prince_ribbit1, uniq_grinder
Temple:   nicolae_temple_hex_pool

Skill      XL: |  1  2  3  4  5  6  7 |
---------------+----------------------+-----
Unarmed Combat | 4 5 6 7 |  7.3
Dodging        | 3 4 |  4.2
Fighting       | 4 5 |  5.1
Stealth        | |  1.7

Action                   |  1- 3 |  4- 6 |  7- 9 || total
-------------------------+-------+-------+-------++-------
Melee: Unarmed           |   110 |   259 |    66 ||   435
       Tailslap          |    15 |    36 |     8 ||    59
       Punch             |     5 |     6 |     3 ||    14
       Headbutt          |       |     8 |    17 ||    25
 Abil: Breathe Acid      |       |       |     2 ||     2
  Use: Potion            |       |     3 |       ||     3
       Scroll            |       |       |     5 ||     5
 Stab: Sleeping          |     2 |     4 |       ||     6
Armor: Skin              |    19 |    86 |    14 ||   119
Dodge: Dodged            |    83 |   224 |    42 ||   349
